 Dungeon Crawl Stone Soup version 0.21.1-1-g345015f (webtiles) character file.

133 EuclidGuy the Skirmisher (level 4, 0/41 HPs)
             Began as a Minotaur Abyssal Knight on July 7, 2018.
             Was a Believer of Lugonu.
             Slain by an orc priest
             ... wielding a +0 flail
              (1 damage)
             ... on level 3 of the Dungeon.
             The game lasted 00:15:45 (3379 turns).

EuclidGuy the Skirmisher (Minotaur Abyssal Knight)  Turns: 3379, Time: 00:15:46

Health: 0/41       AC:  9    Str: 18    XL:     4   Next: 94%
Magic:  4/4        EV:  7    Int:  9    God:    Lugonu [**....]
Gold:   147        SH:  7    Dex:  9    Spells: 3/3 levels left

rFire    . . .     SeeInvis .   x - +0 flail
rCold    . . .     Gourm    .   e - +0 shield
rNeg     . . .     Faith    .   y - +0 scale mail
rPois    .         Spirit   .   (helmet restricted)
rElec    .         Reflect  .   (no cloak)
rCorr    .         Harm     .   s - +0 pair of gloves (curse)
MR       .....                  u - +0 pair of boots
Stlth    ..........             (no amulet)
HPRegen  0.13/turn              (no ring)
MPRegen  0.09/turn              (no ring)

@: no status effects
A: retaliatory headbutt, horns 2
a: Depart the Abyss, Bend Space, Renounce Religion


You were on level 3 of the Dungeon.
You worshipped Lugonu.
Lugonu was pleased with you.
You were not hungry.

You visited 1 branch of the dungeon, and saw 3 of its levels.
You visited the Abyss 1 time.

You collected 147 gold pieces.

Inventory:

Hand Weapons
 a - a +1 mace
 v - a +3 short sword
 x - a +0 flail (weapon)
Missiles
 d - 7 needles of sleeping (quivered)
 A - 4 large rocks
Armour
 e - a +0 shield (worn)
 s - a cursed +0 pair of gloves (worn)
 u - a +0 pair of boots (worn)
 y - a +0 scale mail (worn)
Jewellery
 i - an uncursed ring of protection from fire
Scrolls
 f - a scroll of immolation {unknown}
 g - a scroll of remove curse
 l - a scroll of magic mapping
 m - a scroll of teleportation {unknown}
 q - a scroll of enchant weapon {unknown}
 r - a scroll of identify {unknown}
Potions
 n - a potion of heal wounds {unknown}
 o - a potion of degeneration {unknown}
Comestibles
 c - 9 rations
 z - a chunk of flesh


   Skills:
 + Level 4.5 Fighting
 + Level 3.9 Maces & Flails
 + Level 3.2 Armour
 + Level 2.7 Dodging
 + Level 0.3 Stealth
 + Level 0.9 Shields
 - Level 1.7 Invocations


You had 3 spell levels left.
You didn't know any spells.

Dungeon Overview and Level Annotations

Branches:
Dungeon (3/15)

Altars:
Gozag
Wu Jian


Innate Abilities, Weirdness & Mutations

You reflexively headbutt those who attack you in melee.
You have a pair of horns on your head.


Message History

You block the orc's attack.
The orc priest invokes the aid of Beogh against you.
Beogh smites you!
You hit the orc. You headbutt the orc.
The orc is almost dead.
The orc priest mumbles some strange prayers to Beogh against you.
Beogh smites you!
The orc hits you with an enchanted falchion.
The orc completely misses you.
Your shield and scale mail prevent you from hitting the orc.
Your headbutt misses the orc.
The orc is almost dead.
The orc priest calls down the wrath of Beogh upon you.
Beogh smites you!
* * * LOW HITPOINT WARNING * * *
The orc hits you with an enchanted falchion.
* * * LOW HITPOINT WARNING * * *
You aren't in the Abyss!
The orc priest hits you with a flail.
You die...

.........####...............##...
.........#......#######..PP..#...
.........#......####....♣♣♣..#...
.......#.#...###.........♣♣.P#...
.....#............).......♣♣(#...
..####.....................)#....
..####.............#.......)#....
..#.......#........#........#....
..........#.....@..#........#....
#.......>......†oo####......#....
#.).......#..........#........###
..........#..........#...........
..........#..........#...........
...........P.P.......#...........
.......P♣..P.PP....####.#........
.....P.♣♣P♣♣♣.♣P...#**#.#........
..†.♣PP♣♣***.♣......,,#.#........


You could see an orc priest and an orc.

Vanquished Creatures
  Terence (D:3)
  5 adders
  A worm (D:2)
  A dart slug (D:1)
  2 leopard geckos
  5 orcs (D:3)
  3 giant cockroaches
  7 goblins
  A hobgoblin (D:1)
  A quokka (D:3)
  A ball python (D:1)
  8 bats
  4 frilled lizards
  9 kobolds
  7 rats
56 creatures vanquished.

Notes
Turn   | Place    | Note
-------+----------+-------------------------------------------
     0 | Abyss:1  | EuclidGuy the Minotaur Abyssal Knight began the quest for the Orb.
     0 | Abyss:1  | Reached XP level 1. HP: 19/19 MP: 1/1
    75 | Abyss:1  | Noticed a ynoxinul
    89 | Abyss:1  | Noticed a death drake
    90 | D:1      | Escaped the Abyss
   294 | D:1      | Reached * piety under Lugonu
   367 | D:1      | Reached XP level 2. HP: 27/27 MP: 2/2
   632 | D:1      | Reached skill level 4 in Fighting
  1151 | D:2      | Reached XP level 3. HP: 21/34 MP: 3/3
  2414 | D:2      | Reached XP level 4. HP: 41/41 MP: 4/4
  2533 | D:3      | Found an ornate altar of the Wu Jian Council.
  2856 | D:3      | Found an opulent altar of Gozag.
  3232 | D:3      | Noticed Terence
  3241 | D:3      | Killed Terence
  3241 | D:3      | Reached ** piety under Lugonu
  3378 | D:3      | HP: 2/41 [orc priest/divine providence (12)]
  3379 | D:3      | Slain by an orc priest

Skill      XL: |  1  2  3  4 |
---------------+-------------+-----
Fighting       | 4 |  4.5
Maces & Flails | 3 |  3.9
Armour         | 3 |  3.2
Dodging        | 2 |  2.7
Stealth        | |  0.3
Shields        | |  0.9
Invocations    | |  1.7

Action                   |  1- 3 |  4- 6 || total
-------------------------+-------+-------++-------
Melee: Mace              |    82 |    61 ||   143
       Headbutt          |    16 |    10 ||    26
       Flail             |       |     5 ||     5
Invok: Depart the Abyss  |     1 |       ||     1
  Use: Scroll            |       |     2 ||     2
  Eat: Ration            |     2 |       ||     2
       Chunk             |       |     1 ||     1
Armor: Leather armour    |    24 |     5 ||    29
       Scale mail        |       |    11 ||    11
       Ring mail         |       |     6 ||     6
Dodge: Dodged            |    27 |    34 ||    61
Block: Shield            |    31 |    20 ||    51
